AoeStats
← Jack=Cat

Arabia

509819846Analyzed
1v1 RM · 5d ago on Sep 28, 2026· 48m 38s· 2 players
Game mode
Random Map
Map size
Tiny (2 player)
Population
200
Speed
Normal
Resources
Standard
Victory
Conquest
Starting age
Dark Age
Ending age
Imperial Age
RankedLock teamsTeams togetherTeam positionsShared explorationLock speedFull tech treeHidden civsTurbo modeCheats
Victory
Defeat
🇩🇪 Vikings · Germany
1650
+14
🇺🇸 Tatars · United States
1609
-14
Jack=Cat
5:35 Loom
8:26 Feudal Age
9:08 Double-Bit Axe
11:22 Horse Collar
20:14 Castle Age
18:38 Fletching
19:52 Gold Mining
21:07 Bow Saw
21:03 Bodkin Arrow
26:35 Heavy Plow
27:14 Wheelbarrow
33:34 Scale Barding Armor
36:41 Imperial Age
35:16 Bloodlines
35:06 Husbandry
35:50 Chain Barding Armor
38:10 Hand Cart
41:35 Conscription
42:03 Plate Barding Armor
41:39 Forging
41:50 Husbandry
41:36 Heavy Scorpion
43:59 Heavy Scorpion
45:02 Heavy Scorpion
46:50 Heavy Scorpion
Dwarven Mild
6:23 Loom
9:31 Feudal Age
9:43 Man-at-Arms
14:02 Double-Bit Axe
20:53 Castle Age
19:30 Horse Collar
19:42 Fletching
19:44 Gold Mining
21:30 Bodkin Arrow
21:04 Pikeman
21:20 Elite Skirmisher
22:50 Bow Saw
25:32 Padded Archer Armor
27:20 Ballistics
31:57 Scale Barding Armor
32:16 Stone Mining
35:43 Imperial Age
34:02 Heavy Plow
34:17 Squires
35:10 Scale Mail Armor
35:23 Forging
35:27 Town Watch
35:36 Long Swordsman
36:34 Chain Mail Armor
36:59 Bracer
38:13 Conscription
40:10 Plate Mail Armor
44:05 Iron Casting
42:53 Two-Handed Swordsman
45:54 Hoardings
46:51 Champion
47:18 Arson
Connection lost

Rejoining the realm…

Still unreachable

The connection could not be restored.

Session expired

The server has moved on; the page needs a fresh start.